 Dungeon Crawl Stone Soup version 0.21-a0-38-g95c5c02 (webtiles) character file.

36 tilp the Grave Robber (level 3, 0/26 HPs)
             Began as a Hill Orc Necromancer on May 28, 2017.
             Slain by a goblin
             ... wielding a +0 dagger
             ... led by Robin
              (2 damage)
             ... on level 1 of the Dungeon on May 29, 2017.
             The game lasted 00:07:40 (1688 turns).

tilp the Grave Robber (Hill Orc Necromancer)        Turns: 1688, Time: 00:07:41

Health: 0/26       AC:  2    Str: 10    XL:     3   Next: 37%
Magic:  6/6        EV: 12    Int: 16    God:
Gold:   17         SH:  0    Dex: 11    Spells: 1/6 levels left

rFire    . . .     SeeInvis .   k - +0 club
rCold    . . .     Gourm    .   (no shield)
rNeg     . . .     Faith    .   a - +0 robe
rPois    .         Spirit   .   (no helmet)
rElec    .         Reflect  .   (no cloak)
rCorr    .         Harm     .   (no gloves)
MR       .....                  (no boots)
Stlth    ++........             (no amulet)
Regen    0.1/turn               (no ring)
MPRegen  0.1/turn               (no ring)

@: no status effects
A: no striking features
a: no special abilities


You were on level 1 of the Dungeon.
You were not hungry.

You visited 1 branch of the dungeon, and saw 2 of its levels.

You collected 17 gold pieces.

Inventory:

Hand Weapons
 k - a +0 club (weapon)
Missiles
 m - 20 stones (quivered)
Armour
 a - a +0 robe (worn)
Scrolls
 d - 2 scrolls of identify {unknown}
 f - 2 scrolls of remove curse {unknown}
 h - a scroll of enchant weapon {unknown}
Potions
 e - a potion of lignification {unknown}
 j - a potion of mutation {unknown}
 l - a potion of curing {unknown}
Books
 b - a book of Necromancy

   Spells                             Type                      Level
   a - Pain                           Necromancy                   1
   b - Animate Skeleton               Necromancy                   1
   c - Vampiric Draining              Necromancy                   3
   d - Regeneration                   Charms/Necromancy            3
   e - Animate Dead                   Necromancy                   4
   f - Control Undead                 Necromancy                   4
Comestibles
 c - a bread ration
 g - 6 fruits
 i - 3 chunks of flesh


   Skills:
 + Level 0.2 Maces & Flails
 - Level 1.5 Dodging
 - Level 1.5 Stealth
 * Level 2.1 Spellcasting
 + Level 4.6 Necromancy


You had one spell level left.
You knew the following spells:

 Your Spells              Type           Power        Failure   Level  Hunger
a - Pain                  Necr           ###.         3%          1    #......
b - Animate Skeleton      Necr           N/A          3%          1    #......
c - Vampiric Draining     Necr           ###.......   9%          3    ###....


Dungeon Overview and Level Annotations

Branches:
Dungeon (2/15)

Altars:

Annotations:
D:2 Robin


Message History

There is a stone staircase leading down here.
Unknown command.
The goblin hits you but does no damage. The goblin hits you with a dagger.
The goblin hits you with a dagger.
* * * LOW HITPOINT WARNING * * *
The goblin closely misses you. The goblin barely misses you.
Unknown command.
You completely miss the goblin. The goblin hits you with a dagger.
* * * LOW HITPOINT WARNING * * *
Unknown command.
You barely miss the goblin. The goblin hits you with a dagger.
* * * LOW HITPOINT WARNING * * *
The goblin hits you with a dagger.
* * * LOW HITPOINT WARNING * * *
Unknown command.
The goblin no longer looks unusually strong.
The goblin no longer looks unusually strong.
The goblin hits you with a dagger.
You die...

## #.## #.# #.# ###
##.##### #.##
#......#### ...##
#..#......#
....###..#.#.##.#
.............##.######
....###.#..#....@....#
...## #.#..#.##g####.#
#.## ##......##.#
#Z############ #..#
#>.........#
#...Z.........
##.###.#..#g#####
#######....##.
.#.#.#.#.#...#
#.....#.
#.#.#.#.#....# #######
#.Z..##.
.≈≈≈≈≈.#g##..# #.....#
#.#..##.
#≈.<.≈#.#.#..###.....#
#.......


You could see a goblin.

Vanquished Creatures
  An ooze (D:1)
  A dart slug (D:1)
  4 leopard geckos (D:1)
  A ball python (D:1)
  2 goblins
  4 hobgoblins (D:1)
  3 jackals (D:1)
  A bat (D:1)
  A frilled lizard (D:1)
  2 kobolds (D:1)
  2 rats (D:1)
22 creatures vanquished.

Vanquished Creatures (collateral kills)
  2 bats (D:1)
  2 rats (D:1)
4 creatures vanquished.

Grand Total: 26 creatures vanquished

Notes
Turn   | Place    | Note
-------+----------+-------------------------------------------
     0 | D:1      | tilp the Hill Orc Necromancer began the quest for the Orb.
     0 | D:1      | Reached XP level 1. HP: 14/14 MP: 3/3
    44 | D:1      | Learned a level 1 spell: Animate Skeleton
   104 | D:1      | Reached XP level 2. HP: 3/20 MP: 0/4
   596 | D:1      | Upgraded the game from 0.21-a0-37-g7dc85f4 to 0.21-a0-38-g95c5c02
  1162 | D:1      | Reached XP level 3. HP: 15/26 MP: 6/6
  1170 | D:1      | Learned a level 3 spell: Vampiric Draining
  1657 | D:2      | Noticed Robin
  1672 | D:1      | HP: 1/26 [goblin/dagger[Robin] (2)]
  1688 | D:1      | Slain by a goblin

Vault maps used:
D:1:      ncdulo_watergridlock, minmay_misc_feat_room
D:2:      first_bread, uniq_robin

Skill      XL: |  1  2 |
---------------+-------+-----
Spellcasting   | 2 |  2.1
Maces & Flails | |  0.2
Dodging        | |  1.5
Stealth        | |  1.5
Necromancy     | |  4.6

Action                   || total
-------------------------++-------
Melee: Unarmed           ||    31
       Club              ||    56
 Cast: Pain              ||    17
       Animate Skeleton  ||     9
       Vampiric Draining ||     1
 Stab: Sleeping          ||     1
  Eat: Chunk             ||     3
Armor: Robe              ||    28
Dodge: Dodged            ||   111
